Map: Blueshift LE

Players

SGRT - Winner!

  • Race: Zerg Zerg
  • League: Diamond
  • Spawn Location: 1:00

romanof

  • Race: Terran Terran
  • League: Platinum
  • Spawn Location: 7:00

VOD

Have the link to the VOD?

Description

Time

  • Played on: Aug. 18, 2018, 9:55 a.m.
  • Length: 5:44
Show
View Real Time Build Order
Export as new Build Order

SGRT Zerg - Winner!

Build Orders: Pool First 

Get SALT Encoding   

  12  0:02  Drone  
  13  0:12  Overlord  
  13  0:19  Drone  
  14  0:32  Drone x2  
  16  0:35  Drone  
  17  0:54  Drone, Spawning Pool  
  17  0:57  Extractor  
  16  1:14  Drone  
  17  1:23  Overlord  
  17  1:32  Hatchery  
  16  1:39  Drone  
  17  1:43  Zergling x4  
  19  1:50  Zergling x2  
  20  2:01  Queen  
  22  2:08  Metabolic Boost  
  22  2:14  Zergling x2  
  22  2:28  Baneling Nest  
  22  2:29  Zergling x4  
  23  2:42  Zergling x2  
  24  2:44  Queen  
  26  2:53  Zergling x2  
  26  2:54  Zergling x2  
  28  2:59  Zergling x2  
  28  3:03  Zergling x2  
  30  3:08  Zergling x2  
  31  3:19  Zergling x4  
  33  3:20  Zergling x2  
  33  3:25  Baneling x3  
  33  3:27  Baneling  
  34  3:28  Baneling  
  34  3:31  Baneling  
  34  3:50  Zergling x4  
  32  4:05  Zergling x6  
  32  4:06  Zergling x6  
  34  4:16  Zergling x4  
  34  4:17  Zergling x2  
  34  4:25  Zergling x2  
  34  4:31  Zergling x2  
  36  4:36  Overlord  
  34  4:47  Zergling x2  
  35  4:58  Zergling x8  
  39  5:06  Baneling x2  
  39  5:07  Baneling x3  
  39  5:09  Baneling  
  39  5:13  Zergling x2  
Show
View Real Time Build Order
Export as new Build Order

romanof Terran 

Build Orders: Reaper Expand 

Get SALT Encoding   

  12  0:01  SCV  
  13  0:13  SCV  
  14  0:25  SCV, Supply Depot  
  15  0:42  Refinery  
  15  0:47  SCV  
  16  0:50  Barracks  
  16  1:02  SCV  
  17  1:14  SCV  
  18  1:26  Command Center  
  18  1:31  SCV  
  19  1:37  Reaper  
  20  1:46  Orbital Command  
  20  1:59  Supply Depot  
  20  2:15  Factory  
  20  2:37  Marine  
  21  2:47  Orbital Command  
  21  2:49  SCV  
  22  2:52  Refinery  
  22  3:01  SCV, Factory Reactor  
  22  3:02  Barracks Reactor  
  23  3:13  SCV  
  24  3:27  Bunker  
  24  3:28  SCV  
  24  3:30  SCV  
  26  3:38  Hellion  
  26  3:39  Marine, Hellion  
  26  3:40  SCV, Marine  
  33  3:43  SCV  
  34  3:52  SCV  
  34  3:53  Bunker  
  34  3:55  SCV  
  35  4:04  SCV  
  35  4:07  Marine  
  37  4:10  Supply Depot  
  37  4:12  Hellion  
  29  4:25  Marine  
  22  4:48  Supply Depot  
  22  4:50  Supply Depot  
  22  4:51  Supply Depot  
  21  5:00  Orbital Command  
  21  5:15  Supply Depot  
  21  5:17  Supply Depot  
  21  5:18  Supply Depot  
  21  5:20  Hellion  
  23  5:28  Supply Depot  
Tags
 
Add a new tag
Caveats
  • Supply blocks, unpowered buildings, or Contaminate may cause inaccurate times.
  • Supply counts are checked every 10 seconds.